 Dungeon Crawl Stone Soup version 0.31.0-32-g396128a36d (webtiles) character file.

Game seed: 12289989920654018100

262 monsoonserge the Ruffian (level 6, 0/47 HPs)
             Began as a Gnoll Shapeshifter on Mar 25, 2024.
             Was an Initiate of Gozag.
             Slain by a shadow imp (3 damage)
             ... summoned by Eustachio
             ... on level 4 of the Dungeon.
             The game lasted 00:14:38 (2959 turns).

monsoonserge the Ruffian (Gnoll Shapeshifter)       Turns: 2959, Time: 00:14:38

Health: 0/47       AC:  5    Str: 15      XL:     6   Next: 18%
Magic:  17/17      EV: 12    Int:  9      God:    Gozag
Gold:   460        SH:  0    Dex: 10 (12) Spells: 8/8 levels left

rFire   . .          .
                       - Unarmed
rCold   . . .        (no shield)
rNeg    . . .        y - +0 ring mail
rPois   .            (helmet currently unavailable)
rElec   .            (cloak currently unavailable)
rCorr   .            (gloves currently unavailable)
SInv    .            (boots currently unavailable)
Will    .....        (no amulet)
Stlth   +            z - ring of magical power
HPRegen 0.27/turn    (no ring)
MPRegen 0.15/turn

%: no passive effects
@: mighty, beast-form
A: beast (slay +3), fangs 1, strong nose, distributed training
a: Begin Untransformation, Renounce Religion, Potion Petition, Call Merchant,
Bribe Branch


You were on level 4 of the Dungeon.
You worshipped Gozag.
Gozag was aware of your devotion.
You were a hulking beast.
You visited 1 branch of the dungeon, and saw 4 of its levels.

You collected 470 gold pieces.
You spent 10 gold pieces at shops.

Inventory:

Armour
 a - a +0 plate armour
 j - a +0 chain mail
 n - a +0 helmet
 q - a +0 scale mail
 s - a +0 pair of boots
 w - a +1 robe of fire resistance
 y - a +0 ring mail (worn)
Jewellery
 z - a ring of magical power (left hand)
Talismans
 c - a beast talisman
 d - a flux talisman
Wands
 u - a wand of flame (25)
Scrolls
 e - a scroll of enchant weapon {unknown}
 f - 2 scrolls of silence {unknown}
 k - 2 scrolls of immolation {unknown}
 o - 3 scrolls of fog {unknown}
 p - a scroll of vulnerability {unknown}
 r - 2 scrolls of identify {unknown}
 t - 3 scrolls of teleportation {unknown}
 v - 2 scrolls of amnesia {unknown}
Potions
 b - 2 potions of lignification
 g - a potion of invisibility {unknown}
 h - a potion of might
 i - 3 potions of curing {unknown}
 l - a potion of heal wounds {unknown}
 m - a potion of ambrosia {unknown}
 x - a potion of cancellation {unknown}
 A - a potion of mutation {unknown}


   Skills:
 + Level 3.2 Fighting
 + Level 1.9 Short Blades
 + Level 1.9 Long Blades
 + Level 1.9 Axes
 + Level 1.9 Maces & Flails
 + Level 1.9 Polearms
 + Level 1.9 Staves
 + Level 1.9 Ranged Weapons
 + Level 1.9 Throwing
 + Level 1.9 Armour
 + Level 5.0 Dodging
 + Level 1.9 Stealth
 + Level 1.9 Shields
 + Level 6.8 Unarmed Combat
 + Level 1.9 Spellcasting
 + Level 1.5 Conjurations
 + Level 1.5 Hexes
 + Level 1.5 Summonings
 + Level 1.5 Necromancy
 + Level 1.5 Translocations
 + Level 1.5 Fire Magic
 + Level 1.5 Ice Magic
 + Level 1.5 Air Magic
 + Level 1.5 Earth Magic
 + Level 1.5 Alchemy
 + Level 2.1 Invocations
 + Level 1.9 Evocations
 + Level 6.7 Shapeshifting


You had 8 spell levels left.
You didn't know any spells.
Your spell library was empty.

Dungeon Overview and Level Annotations

Branches:
Dungeon (4/15)
 Temple: D:4-7

Altars:
Gozag

Shops:
D:1 (=*

Annotations:
D:4 Eustachio


Innate Abilities, Weirdness & Mutations

You are a hulking beast.
Your limbs bulge with bestial killing power. (Slay +3)
You have very sharp teeth.
Your uncanny sense of smell can sniff out nearby items.
Your experience applies equally to all skills.


Message History

* * * LOW HITPOINT WARNING * * *
The quokka bites you.
* * * LOW HITPOINT WARNING * * *
Unknown command.
You punch the quokka!
You kill the quokka!
The quokka's corpse disappears in a puff of smoke!
The ufetubus closely misses you. x2; The bat misses you.
Eustachio gestures wildly while chanting.
Eustachio blinks!
The quasit closely misses you.
The quasit claws you but does no damage.
The quasit barely misses you.
The ufetubus hits you but does no damage.
The ufetubus barely misses you. The bat closely misses you.
Unknown command.
You punch the bat!
You kill the bat!
The bat's corpse disappears in a puff of smoke!
The bat misses you. The ufetubus closely misses you.
The ufetubus hits you but does no damage.
The quasit barely misses you.
The quasit claws you but does no damage. x2
You hit the ufetubus. You punch the ufetubus.
You kill the ufetubus!
The ufetubus disappears in a puff of smoke!
The quasit disappears in a puff of smoke!
The bat closely misses you. x2
Unknown command.
You barely miss something. You bite something.
The bat hits you but does no damage. The bat closely misses you.
Eustachio casts a spell.
Eustachio blinks!
Something hits you but does no damage.
Unknown command.
You miss something. The bat closely misses you. The shadow imp misses you.
Something hits you.
* * * LOW HITPOINT WARNING * * *
Unknown command.
You miss something. The river rat misses you. The shadow imp hits you.
You die...
Your body crumbles into a pile of gold.

.##.....#..... ...#
..##......... ...#
..........######..#
..................#####.
#####.....#####.........
# ####### ##@...### ∆
#bb#..##. #5r......
#h###.### # #{# # # #§#
# #.# # #.# # #.# # #.#
# #.. #..


You could see Eustachio, a river rat (summoned), a shadow imp (summoned) and 2
bats.

Vanquished Creatures
  A lemure (D:3)
  A scorpion (D:3)
  Jessica (D:3)
  Terence (D:2)
  Robin (D:3)
  6 gnolls
  2 ribbon worms (D:3)
  A dart slug (D:1)
  4 orcs (D:4)
  10 endoplasms
  4 giant cockroaches
  9 goblins
  11 hobgoblins
  6 jackals (D:3)
  4 kobolds
  2 quokkas (D:1)
  3 ball pythons
  3 bats (D:1)
  4 frilled lizards
  2 rats
76 creatures vanquished.

Notes
Turn   | Place    | Note
-------+----------+-------------------------------------------
     0 | D:1      | monsoonserge the Gnoll Shapeshifter began the quest for the
                  | Orb.
     0 | D:1      | Reached XP level 1. HP: 17/17 MP: 1/1
    79 | D:1      | Found a faded altar of an unknown god.
   139 | D:1      | Found Ydimoa's Antique Weapon Boutique.
   275 | D:1      | Prayed at the altar of an unknown god.
   275 | D:1      | Became a worshipper of Gozag Ym Sagoz the Greedy
   319 | D:1      | Reached XP level 2. HP: 20/23 MP: 2/2
   472 | D:1      | Found Yqeitey's Jewellery Shop.
   512 | D:1      | Found Voluwoir's General Store.
   535 | D:1      | Bought a potion of degeneration for 10 gold pieces
   764 | D:1      | Reached XP level 3. HP: 25/28 MP: 3/3
   977 | D:1      | Found Tinahak's General Store.
  1061 | D:2      | Noticed Terence
  1066 | D:1      | Reached skill level 1 in Invocations
  1182 | D:2      | Killed Terence
  1183 | D:2      | Reached skill level 1 in Short Blades
  1183 | D:2      | Reached skill level 1 in Long Blades
  1183 | D:2      | Reached skill level 1 in Axes
  1183 | D:2      | Reached skill level 1 in Maces & Flails
  1183 | D:2      | Reached skill level 1 in Polearms
  1183 | D:2      | Reached skill level 1 in Staves
  1183 | D:2      | Reached skill level 1 in Ranged Weapons
  1183 | D:2      | Reached skill level 1 in Throwing
  1183 | D:2      | Reached skill level 1 in Armour
  1183 | D:2      | Reached skill level 1 in Stealth
  1183 | D:2      | Reached skill level 1 in Shields
  1183 | D:2      | Reached skill level 1 in Spellcasting
  1183 | D:2      | Reached skill level 1 in Evocations
  1183 | D:2      | Reached XP level 4. HP: 19/34 MP: 5/5
  1278 | D:2      | Reached skill level 1 in Conjurations
  1278 | D:2      | Reached skill level 1 in Hexes
  1278 | D:2      | Reached skill level 1 in Summonings
  1278 | D:2      | Reached skill level 1 in Necromancy
  1278 | D:2      | Reached skill level 1 in Translocations
  1278 | D:2      | Reached skill level 1 in Fire Magic
  1278 | D:2      | Reached skill level 1 in Ice Magic
  1278 | D:2      | Reached skill level 1 in Air Magic
  1278 | D:2      | Reached skill level 1 in Earth Magic
  1278 | D:2      | Reached skill level 1 in Alchemy
  1465 | D:2      | Noticed Robin
  1558 | D:3      | Killed Robin
  1666 | D:2      | Reached XP level 5. HP: 37/40 MP: 7/7
  1846 | D:3      | Noticed Jessica
  1854 | D:3      | Killed Jessica
  2314 | D:3      | Reached XP level 6. HP: 38/47 MP: 8/8
  2696 | D:4      | Reached skill level 5 in Dodging
  2929 | D:4      | Noticed Eustachio
  2958 | D:4      | HP: 2/47 [something (3)]
  2959 | D:4      | Slain by a shadow imp

Illustrated notes

Levels and vault maps discovered:
D:1:      lemuel_arrival_cross, layout_basic,
          shapermc_ecumenical_altar_flowoftime, serial_shops,
          nicolae_shop_pleasant_corner_grove, shop,
          nicolae_shop_gibbet_a_chance, shop
D:2:      layout_rooms, st_stairs_6, uniq_robin, uniq_terence
D:3:      layout_loops_cross, uniq_jessica
D:4:      minmay_octagon_keep, layout_basic, serial_curves, eino_curves_03,
          eino_curves_02, eino_curves_01, serial_bayou_ford_a,
          hangedman_glass_teeth, nicolae_elevator_lobby_plus, uniq_eustachio,
          uniq_pikel

Skill      XL: |  1  2  3  4  5  6 |
---------------+-------------------+-----
Invocations    | 1 2 |  2.1
Short Blades   | 1 |  1.9
Long Blades    | 1 |  1.9
Axes           | 1 |  1.9
Maces & Flails | 1 |  1.9
Polearms       | 1 |  1.9
Staves         | 1 |  1.9
Ranged Weapons | 1 |  1.9
Throwing       | 1 |  1.9
Armour         | 1 |  1.9
Stealth        | 1 |  1.9
Shields        | 1 |  1.9
Spellcasting   | 1 |  1.9
Evocations     | 1 |  1.9
Conjurations   | 1 |  1.5
Hexes          | 1 |  1.5
Summonings     | 1 |  1.5
Necromancy     | 1 |  1.5
Translocations | 1 |  1.5
Fire Magic     | 1 |  1.5
Ice Magic      | 1 |  1.5
Air Magic      | 1 |  1.5
Earth Magic    | 1 |  1.5
Alchemy        | 1 |  1.5
Fighting       | 3 |  3.2
Dodging        | 5 |  5.0
Unarmed Combat | |  6.8
Shapeshifting  | |  6.7

Action                     |  1- 3 |  4- 6 || total
---------------------------+-------+-------++-------
  Melee: Unarmed           |    62 |   121 ||   183
         Bite              |     2 |    10 ||    12
         Punch             |     1 |    10 ||    11
    Use: Potion            |       |     1 ||     1
   Stab: Sleeping          |       |     1 ||     1
 Armour: Animal skin       |     8 |       ||     8
         Chain mail        |    25 |    66 ||    91
         Ring mail         |       |    70 ||    70
  Dodge: Dodged            |    26 |    96 ||   122
